 Dungeon Crawl Stone Soup version 0.17.0-9-g801d43b (console) character file.

70 gw the Charmwright (level 3, -1/29 HPs)
             Began as a Demigod Skald on Nov 9, 2015.
             Slain by Sigmund
             ... wielding a +0 scythe
              (7 damage)
             ... on level 2 of the Dungeon.
             The game lasted 00:01:50 (2537 turns).

gw the Charmwright (Demigod Skald)                  Turns: 2537, Time: 00:01:50

Health: -1/29      AC:  3    Str: 15    XL:     3   Next: 76%
Magic:  6/9        EV: 11    Int: 18    God:
Gold:   79         SH:  0    Dex: 15    Spells: 3 memorised, 2 levels left

rFire  . . .     SeeInvis .     a - +2 falchion (holy)
rCold  . . .     Clarity  .     f - +0 leather armour
rNeg   . . .     SustAt   +     (no shield)
rPois  .         Gourm    .     (no helmet)
rElec  .         Spirit   .     (no cloak)
rCorr  .         Warding  .     (no gloves)
rMut   .         Stasis   .     (no boots)
MR     .....                    (no amulet)
Stlth  +.........               (no ring)
                                (no ring)

@: confused, very slightly contaminated, not resistant to hostile enchantments,
very unstealthy
A: high mp 1, sustain attributes
a: no special abilities


You were on level 2 of the Dungeon.
You were hungry.

You visited 1 branch of the dungeon, and saw 2 of its levels.

You collected 79 gold pieces.

Inventory:

Hand Weapons
 a - a +2 falchion of holy wrath (weapon)
 b - a +4 hunting sling of freezing
Missiles
 e - 32 stones (quivered)
 g - 27 sling bullets
Armour
 f - a +0 leather armour (worn)
Books
 c - a book of Battle

   Spells                             Type                      Level
   a - Infusion                       Charms                       1
   b - Shroud of Golubria             Charms/Translocation         2
   c - Song of Slaying                Charms                       2
   d - Spectral Weapon                Hexes/Charms                 3
   e - Regeneration                   Charms/Necromancy            3
Comestibles
 d - 4 bread rations


   Skills:
 + Level 2.1 Fighting
 + Level 2.2 Long Blades
 + Level 1.5 Armour
 - Level 0.8 Dodging
 * Level 2.5 Spellcasting
 + Level 3.1 Charms


You had 2 spell levels left.
You knew the following spells:

 Your Spells              Type           Power        Failure   Level  Hunger
a - Infusion              Chrm           ##....       8%          1    #......
b - Shroud of Golubria    Chrm/Tloc      #.........   17%         2    ##.....
c - Song of Slaying       Chrm           ##......     12%         2    ##.....


Dungeon Overview and Level Annotations

Branches:
Dungeon (2/15)

Annotations:
D:2 Sigmund


Innate Abilities, Weirdness & Mutations

You have an increased reservoir of magic (+10% MP).
Your attributes are resistant to harm.


Message History

Unknown command.
Unknown command.
ATTACK MOVE TO (-1,0)
You hear some strange, mumbled words.
Something tries to affect you, but you resist.
Unknown command.
Unknown command.
Unknown command.
Unknown command.
ATTACK MOVE TO (0,-1)
You feel less confused.
You hear some strange, mumbled words.
You are confused.
Unknown command.
Unknown command.
Unknown command.
Unknown command.
ATTACK MOVE TO (-1,1)
You bump into the rock wall.
Something hits you!
You die...

#####.......#####..#
#.?.....# #..# #.......#
#..# #....#### ####.##
#.### #....# ####.....
[.... ###### #....##.##
..... #....##.# .....
####....##.# #¤¤¤¤..
........p..########.._..#
.................##.¤.¤.
...................¤.¤.
..........#......##.#.#
........(.#......##.#.#
..........#......##.#.###
........!.#......'.......
..........#......##.#.###
.......#......##.#.#..


There were no monsters in sight!

Table legend:
 A = Turns spent in this place as a percentage of turns spent in the entire game.
 B = Non-inter-level travel turns spent in this place as a percentage of non-inter-level travel turns spent in the entire game.
 C = Inter-level travel turns spent in this place as a percentage of turns spent in this place.
 D = Turns resting spent in this place as a percentage of non-inter-level travel turns spent in this place.
 E = Turns spent auto-exploring this place as a percentage of non-inter-level travel turns spent in this place.
 F = Non-inter-level travel turns spent in this place divided by the number of levels of this place that you've seen.
                   A       B       C       D       E      F
               +-------+-------+-------+-------+-------+----------------------
         Total | 100.0 | 100.0 |   0.8 |   2.4 |   2.6 | 1427.5
       Dungeon | 100.0 | 100.0 |   0.8 |   2.4 |   2.6 | 1427.5
               +-------+-------+-------+-------+-------+----------------------

Table legend:
 A = Kills in this place as a percentage of kills in entire the game.
 B = Kills by you in this place as a percentage of kills by you in the entire game.
 C = Kills by friends in this place as a percentage of kills by friends in the entire game.
 D = Other kills in this place as a percentage of other kills in the entire game.
 E = Experience gained in this place as a percentage of experience gained in the entire game.
 F = Experience gained in this place divided by the number of levels of this place that you have seen.
                   A       B       C       D       E      F
               +-------+-------+-------+-------+-------+----------------------
         Total | 100.0 | 100.0 |  -nan |  -nan | 100.0 |  50.0
       Dungeon | 100.0 | 100.0 |  -nan |  -nan | 100.0 |  50.0
               +-------+-------+-------+-------+-------+----------------------

Vanquished Creatures
  Terence (D:2)
  An adder (D:2)
  A worm (D:2)
  A giant cockroach (D:1)
  6 goblins
  4 hobgoblins
  3 jackals (D:2)
  2 kobolds
  A quokka (D:2)
  4 bats
  4 giant newts
  5 rats (D:1)
33 creatures vanquished.

Vanquished Creatures (others)
  A giant gecko (D:2)
1 creature vanquished.

Grand Total: 34 creatures vanquished

Notes
Turn   | Place    | Note
--------------------------------------------------------------
     0 | D:1      | gw the Demigod Skald began the quest for the Orb.
     0 | D:1      | Reached XP level 1. HP: 17/17 MP: 5/5
   113 | D:1      | Reached skill level 1 in Armour
   757 | D:1      | Reached XP level 2. HP: 24/24 MP: 5/7
   779 | D:1      | Learned a level 2 spell: Shroud of Golubria
   782 | D:1      | Learned a level 2 spell: Song of Slaying
  1755 | D:2      | Reached skill level 3 in Charms
  1869 | D:2      | Found an iron altar of Okawaru.
  1930 | D:2      | Reached XP level 3. HP: 22/29 MP: 0/9
  2210 | D:2      | Noticed Terence
  2223 | D:2      | Killed Terence
  2450 | D:2      | Found a radiant altar of Vehumet.
  2523 | D:2      | Noticed Sigmund
  2537 | D:2      | Slain by Sigmund

Action                   || total
-------------------------++-------
Melee: Falchion          ||    46
 Fire: Hunting sling     ||    31
Throw: Stone             ||    20
 Cast: Infusion          ||    28
       Shroud of Golubri ||    22
  Eat: Chunk             ||     6

Vault maps used:
D:1:      lemuel_arrival_tunnels
D:2:      fiery_altar_vehumet, okawaru_ov_weapons_minmay, uniq_terence,
          uniq_sigmund
